 Dungeon Crawl Stone Soup version 0.29-a0-1006-g0dd7720b37 (webtiles) character file.

Game seed: 6160578111648094478

91179 freelancePsychic the Marksdraconian (level 15, -4/145 HPs)
             Began as a Red Draconian Monk on Aug 6, 2022.
             Was the Champion of Okawaru.
             Constricted to death by Jorgrun (6 damage)
             ... while petrified by Jorgrun
             ... on level 2 of the Orcish Mines.
             The game lasted 00:35:48 (23001 turns).

freelancePsychic the Marksdraconian (DrMo)         Turns: 23001, Time: 00:35:48

Health: -4/145     AC: 19    Str: 22    XL:     15   Next: 54%
Magic:  21/21      EV: -1    Int:  6    God:    Okawaru [******]
Gold:   1994       SH:  0    Dex: 26    Spells: 14/14 levels left

rFire   + . .      SeeInvis .   b - +3 triple crossbow (vorpal)
rCold   + . .      Faith    .   (shield currently unavailable)
rNeg    + + +      Spirit   .   (body armour unavailable)
rPois   ∞          Reflect  .   C - +2 hat {Will+}
rElec   +          Harm     .   a - +1 cloak "Ysin" {rElec Slay+2 Stlth+}
rCorr   .          Rampage  .   B - +2 pair of gloves {Stlth+}
Will    ++...                   h - +2 pair of boots
Stlth   ++++++....              f - amulet "Dame" {RegenMP rPois rN+ Str+2 Int-5}
HPRegen 0.34/turn               g - +6 ring of dexterity
MPRegen 0.57/turn               A - ring of Pisch {rC+ rN+ Str+6}

@: petrified, heroic, grasped by roots, constricted
A: breathe fire, AC +9, unfitting armour, fire resistance 1, cold-blooded
a: Breathe Fire, Renounce Religion, Heroism, Finesse, Duel


You were on level 2 of the Orcish Mines.
You worshipped Okawaru.
Okawaru was exalted by your worship.
You visited 4 branches of the dungeon, and saw 23 of its levels.
You also visited: Bailey.

You collected 2822 gold pieces.
You spent 828 gold pieces at shops.

Inventory:

Hand Weapons
 b - a +3 vorpal triple crossbow (weapon)
Armour
 a - the +1 cloak "Ysin" (worn) {rElec Slay+2 Stlth+}
   (Okawaru gifted it to you on level 4 of the Lair of Beasts)

   Slay:      It affects your accuracy & damage with ranged weapons and melee
   (+2).
   rElec:     It insulates you from electricity.
   Stlth:     It makes you more stealthy.
 h - a +2 pair of boots (worn)
 B - a +2 pair of gloves of stealth (worn)
 C - a +2 hat of willpower (worn)
 J - the +2 ratskin cloak {*Rats rPois rN+ Str-1 Int-1 Dex+1}
   (You found it on level 10 of the Dungeon)

   When the wearer is hurt, rats may emerge from it to assist them.
   Str:       It affects your strength (-1).
   Int:       It affects your intelligence (-1).
   Dex:       It affects your dexterity (+1).
   rPois:     It protects you from poison.
   rN:        It protects you from negative energy.
Jewellery
 f - the amulet "Dame" (around neck) {RegenMP rPois rN+ Str+2 Int-5}
   (You found it on level 2 of the Dungeon)

   [amulet of magic regeneration]

   It increases your rate of magic regeneration.
   Str:       It affects your strength (+2).
   Int:       It affects your intelligence (-5).
   rPois:     It protects you from poison.
   rN:        It protects you from negative energy.
 g - a +6 ring of dexterity (left hand)
 j - a ring of ice
 l - a +4 ring of evasion
 z - a ring of poison resistance
 A - the ring of Pisch (right hand) {rC+ rN+ Str+6}
   (You bought it in a shop on level 14 of the Dungeon)

   [ring of strength]

   Str:       It affects your strength (+6).
   rC:        It protects you from cold.
   rN:        It protects you from negative energy.
 I - a ring of flight
 M - a ring of protection from fire
Wands
 m - a wand of roots (10)
 u - a wand of mindburst (16)
 E - a wand of acid (4)
 O - a wand of flame (27)
 T - a wand of polymorph (5)
Scrolls
 e - 6 scrolls of immolation
 k - 7 scrolls of teleportation {@r4}
 n - 2 scrolls of silence
 q - 3 scrolls of poison
 s - 2 scrolls of fear
 y - a scroll of torment
 K - 2 scrolls of enchant weapon
 N - 4 scrolls of blinking
 P - 3 scrolls of identify {@r1}
 Q - 2 scrolls of amnesia
 R - 2 scrolls of magic mapping
 U - 2 scrolls of fog
Potions
 c - 10 potions of mutation
 d - 11 potions of curing {@q1}
 i - 4 potions of attraction
 o - a potion of brilliance
 p - 5 potions of lignification {unknown}
 r - 6 potions of haste {@q3}
 t - 6 potions of might
 v - 3 potions of ambrosia
 w - a potion of flight {unknown}
 x - 8 potions of degeneration
 D - 2 potions of cancellation {unknown}
 F - a potion of experience {unknown}
 G - 6 potions of magic
 H - 10 potions of heal wounds {unknown}
 L - 3 potions of berserk rage {unknown}


   Skills:
 + Level 16.6(21.6) Fighting
 - Level 5.3(10.3) Short Blades
 * Level 18.3(23.3) Ranged Weapons
 + Level 8.8(13.8) Dodging
 - Level 3.1(8.1) Stealth
 - Level 3.3(8.3) Shields
 - Level 8.0 Invocations


You had 14 spell levels left.
You didn't know any spells.
Your spell library contained the following spells:

 Spells                   Type           Power      Damage    Failure   Level
 Freeze                   Ice            0%         1d3       45%         1
 Shock                    Conj/Air       0%         1d3       45%         1
 Slow                     Hex            0%         N/A       45%         1
 Ensorcelled Hibernation  Hex/Ice        0%         N/A       58%         2
 Passwall                 Tmut/Erth      0%         N/A       58%         2
 Confusing Touch          Hex            0%         N/A       83%         3
 Dazzling Flash           Conj/Hex       0%         N/A       83%         3
 Gell's Gravitas          Tloc           0%         N/A       83%         3
 Ignite Poison            Fire/Tmut/Pois 0%         N/A       83%         3
 Spider Form              Tmut/Pois      0%         N/A       83%         3
 Swiftness                Air            0%         N/A       83%         3
 Teleport Other           Tloc           0%         N/A       83%         3
 Vampiric Draining        Necr           0%         2d6       83%         3
 Airstrike                Air            0%         2d(0-16)  99%         4
 Anguish                  Hex/Necr       0%         N/A       99%         4
 Hailstorm                Conj/Ice       0%         3d3       99%         4
 Ice Form                 Ice/Tmut       0%         N/A       99%         4
 Leda's Liquefaction      Hex/Erth       0%         N/A       99%         4
 Agony                    Necr           0%         N/A       100%        5
 Lee's Rapid Deconstruct  Erth           0%         3d5*      100%        5
 Metabolic Englaciation   Hex/Ice        0%         N/A       100%        5
 Silence                  Hex/Air        0%         N/A       100%        5
 Dispersal                Tloc           0%         N/A       100%        6
 Eringya's Noxious Bog    Tmut/Pois      0%         N/A       100%        6
 Statue Form              Tmut/Erth      0%         N/A       100%        6
 Simulacrum               Ice/Necr       Unusable   N/A       N/A         6

Dungeon Overview and Level Annotations

Branches:
Dungeon (15/15)            Temple (1/1) D:6            Lair (5/5) D:8
  Swamp (0/4) Lair:2        Snake (0/4) Lair:3        Slime (0/5) Lair:4
    Orc (2/2) D:10            Elf (0/3) Orc:2        Vaults (0/5) D:14
 Depths (0/4) D:15         Bailey (visited)

Altars:
Ashenzari
Cheibriados
Dithmenos
Elyvilon
Fedhas
Gozag
Hepliaklqana
Kikubaaqudgha
Makhleb
Okawaru
Qazlal
Trog
Uskayaw
Vehumet
Wu Jian
Xom
Yredelemnul
Jiyva

Shops:
D:1 [   D:5 (   D:10 =   D:14 :*[=:   D:15 (

Annotations:
D:3 1 runed translucent door, exclusion: black bear, Sobieck's ghost, amateur NaHu
D:4 exclusion: phantom
D:10 exclusion: downstairs
D:15 Rupert
Orc:2 Jorgrun


Innate Abilities, Weirdness & Mutations

You can breathe blasts of fire.
Your fiery red scales are hard. (AC +9)
You cannot fit into any form of body armour.
Your flesh is heat resistant. (rF+)
You are cold-blooded and may be slowed by cold attacks.


Message History

Jorgrun completely misses you. The grasping roots constrict you.
Your limbs are stiffening.
Fire: b) +3 triple crossbow (vorpal)
Press: ? - help, Shift-Dir - straight line, f/p - Jorgrun
Aim: Jorgrun, wielding a +0 vorpal quarterstaff and wearing a +2 robe of fire resistance (almost dead, unusually resistant, 70% to hit)
You shoot a bolt. The bolt hits Jorgrun!
Jorgrun is almost dead.
Jorgrun hits you with a +0 vorpal quarterstaff!
The grasping roots constrict you.
You have turned to stone.
Jorgrun hits you with a +0 vorpal quarterstaff.
The grasping roots constrict you!
The grasping roots release their grip on you.
Jorgrun hits you with a +0 vorpal quarterstaff!
Jorgrun hits you but does no damage.
Jorgrun points at you and mumbles some strange words.
You easily resist.
Jorgrun casts a spell at you. The iron shot hits you!!
* * * LOW HITPOINT WARNING * * *
Jorgrun points at you and mumbles some strange words.
The iron shot hits you!!!
* * * LOW HITPOINT WARNING * * *
Jorgrun says, "'tis place shall be yer tomb!"
Jorgrun points at you and mumbles some strange words.
Roots burst forth from the earth!
The grasping roots grab you! The grasping roots constrict you.
* * * LOW HITPOINT WARNING * * *
Jorgrun hits you with a +0 vorpal quarterstaff.
* * * LOW HITPOINT WARNING * * *
The grasping roots constrict you.
* * * LOW HITPOINT WARNING * * *
Jorgrun points at you and mumbles some strange words.
The iron shot hits you but does no damage.
The grasping roots constrict you!
* * * LOW HITPOINT WARNING * * *
Jorgrun hits you with a +0 vorpal quarterstaff!
* * * LOW HITPOINT WARNING * * *
x2 The grasping roots constrict you!
You die...

.....#..... ...
....#.#... ....
#........#....
..#.........
#........# #....#..##
##.#....g...###
#...$..@......##
#..............####
#....^##.......#..###
...... #..>.........##
.....................#
#
..................#.##
#
.........##..#.....##
##
.........#.........#
#. ........#..#..#.##
##


You could see Jorgrun (resistant).

Vanquished Creatures
  Agnes (D:14)
  A dire elephant (Lair:5)
  Harold (D:10)
  10 hydras
  7 boulder beetles
  Fannar (D:11)
  A catoblepas (Lair:5)
  4 vault guards (D:14)
  4 centaur warriors
  Erica (D:9)
  A death knight (D:14)
  5 two-headed ogres
  A deep troll shaman (Lair:5)
  A vampire mage (D:15)
  6 death yaks (Lair:5)
  4 tengu warriors
  Urug (D:12)
  9 skeletal warriors
  A wizard (D:15)
  A harpy (shapeshifter) (D:14)
  2 deep elf pyromancers
  A lindwurm (Lair:4)
  An orc knight (Orc:2)
  16 ugly things
  An orc sorcerer (Orc:1)
  4 oklob plants
  6 manticores
  4 cyclopes
  18 elephants
  A fire giant skeleton (D:15)
  2 black mambas
  A torpor snail (Lair:5)
  11 cane toads
  An unseen horror (D:12)
  An efreet (D:14)
  A rime drake (Lair:2)
  A kobold demonologist (D:9)
  A spriggan skeleton (D:15)
  4 komodo dragons
  3 tengu conjurers
  9 trolls
  2 polar bears (Lair:5)
  A wolf spider simulacrum (D:14)
  2 tyrant leeches (Lair:2)
  17 blink frogs
  A blink frog (shapeshifter) (D:13)
  24 slime creatures
  An ettin skeleton (D:15)
  3 wraiths
  2 wyverns
  A vampire (D:13)
  A shadow (D:10)
  31 yaks
  7 basilisks
  9 vampire mosquitoes
  A golden eye (shapeshifter) (D:15)
  2 steam dragons
  A warg (Orc:1)
  A swamp worm (Lair:2)
  2 acid dragons
  4 nagas (Lair:3)
  A floating eye (D:11)
  An ice beast (D:6)
  13 water moccasins
  A glowing shapeshifter skeleton (D:15)
  A swamp drake (D:10)
  11 orc warriors
  2 black bears
  3 ogres
  12 centaurs
  15 wolves
  A phantom (D:4)
  Blork the orc (Orc:2)
  4 kobold brigands
  12 bullfrogs
  A gnoll sergeant (D:5)
  4 scorpions
  6 wights
  5 killer bees (D:7)
  4 howler monkeys
  2 electric eels (Lair:3)
  2 hounds
  A jelly (D:8)
  8 orc priests
  A gnoll bouda (D:7)
  An iguana (D:4)
  11 orc wizards
  18 gnolls
  4 adders
  A shadow imp (D:6)
  2 worms (D:2)
  3 dart slugs
  61 orcs
  8 ball pythons
  3 endoplasms
  A giant cockroach (D:2)
  8 goblins
  3 hobgoblins
  7 jackals
  A quokka (D:2)
  6 bats
  2 frilled lizards (D:2)
  23 kobolds
  5 rats
543 creatures vanquished.

Vanquished Creatures (collateral kills)
  2 phantoms (D:5)
  A hound (D:5)
3 creatures vanquished.

Vanquished Creatures (others)
  An orc (Orc:2)
  25 fungi
  51 plants
  5 withered plants (D:15)
82 creatures vanquished.

Grand Total: 628 creatures vanquished

Notes
Turn   | Place    | Note
-------+----------+-------------------------------------------
     0 | D:1      | freelancePsychic the Draconian Monk began the quest for the
                  | Orb.
     0 | D:1      | Reached XP level 1. HP: 19/19 MP: 1/1
   142 | D:1      | Reached XP level 2. HP: 17/26 MP: 2/2
   311 | D:1      | Found Bawk's Antique Armour Shoppe.
   332 | D:1      | Found a faded altar of an unknown god.
  1279 | D:2      | Reached XP level 3. HP: 31/33 MP: 3/3
  1387 | D:2      | Identified the amulet "Dame" {RegenMP rPois rN+ Str+2
                  | Int-5}
  2085 | D:2      | Reached XP level 4. HP: 36/40 MP: 4/4
  2449 | D:3      | Found a runed translucent door.
  2449 | D:3      | Noticed Sobieck's ghost (amateur NaHu)
  2603 | D:3      | Noticed a black bear
  3284 | D:4      | Noticed a scorpion
  3860 | D:4      | Noticed a black bear
  3956 | D:4      | Reached XP level 5. HP: 46/47 MP: 5/5
  3979 | D:4      | Reached skill level 1 in Shields
  4066 | D:4      | Noticed a phantom
  4281 | D:5      | Entered Level 5 of the Dungeon
  4410 | D:5      | Reached skill level 5 in Fighting
  4414 | D:5      | Noticed a phantom
  4467 | D:5      | Noticed a phantom
  4492 | D:4      | Reached XP level 6. HP: 17/56 MP: 6/6
  4813 | D:5      | Reached skill level 5 in Short Blades
  4925 | D:4      | Your scales start taking on a fiery red colour.
  4925 | D:4      | Reached XP level 7. HP: 46/62 MP: 7/7
  4925 | D:4      | Gained mutation: Your flesh is heat resistant. (rF+) [Red
                  | Draconian growth]
  5114 | D:5      | Found Jiuklept's Firing Range.
  5294 | D:5      | Reached skill level 1 in Ranged Weapons
  5617 | D:6      | Found a staircase to the Ecumenical Temple.
  5624 | Temple   | Entered the Ecumenical Temple
  5651 | Temple   | Became a worshipper of Warmaster Okawaru
  5651 | Temple   | Reached * piety under Okawaru
  5651 | Temple   | Reached ** piety under Okawaru
  5674 | D:6      | Reached skill level 2 in Ranged Weapons
  5995 | D:6      | Reached skill level 3 in Ranged Weapons
  6063 | D:5      | Bought a +0 triple crossbow for 120 gold pieces
  6158 | D:6      | Reached XP level 8. HP: 54/71 MP: 8/8
  6191 | D:6      | Reached skill level 4 in Ranged Weapons
  6510 | D:7      | Found a flagged portal.
  6533 | Bailey   | Entered a bailey
  6763 | Bailey   | Reached *** piety under Okawaru
  7191 | D:7      | Reached skill level 5 in Ranged Weapons
  7259 | D:7      | Identified the +0 plate armour of the End {rPois rC- Int+2
                  | SInv}
  7299 | D:7      | Got Sif Muna's Secrets of Snowy Transmutation
  7381 | D:7      | Reached skill level 6 in Ranged Weapons
  7917 | D:7      | Reached **** piety under Okawaru
  7918 | D:7      | Reached XP level 9. HP: 71/80 MP: 9/9
  8280 | D:8      | Found a hide-covered altar of Uskayaw.
  8349 | D:8      | Reached skill level 7 in Ranged Weapons
  8374 | D:8      | Reached skill level 1 in Invocations
  8770 | D:8      | Found a staircase to the Lair.
  8770 | D:8      | Noticed a komodo dragon
  8787 | D:8      | Killed a komodo dragon
  8811 | D:8      | Found a shimmering altar of Xom.
  8811 | D:8      | Found a white marble altar of Elyvilon.
  9048 | D:8      | You are sucked into a shaft and drop 2 floors!
  9048 | D:10     | Entered Level 10 of the Dungeon
  9065 | D:10     | Noticed a troll
  9070 | D:10     | Killed a troll
  9071 | D:10     | Reached skill level 8 in Ranged Weapons
  9134 | D:10     | Found Amuraocu's Jewellery Emporium.
  9439 | D:10     | Found the +2 ratskin cloak {*Rats rPois rN+ Str-1 Int-1
                  | Dex+1}
  9530 | D:10     | Noticed Harold
  9541 | D:10     | Killed Harold
  9542 | D:10     | Reached XP level 10. HP: 90/91 MP: 9/13
  9851 | D:10     | Found a staircase to the Orcish Mines.
  9863 | D:10     | Reached skill level 9 in Ranged Weapons
 10027 | D:9      | Reached ***** piety under Okawaru
 10028 | D:9      | Received a gift from Okawaru
 10033 | D:9      | Reached skill level 5 in Invocations
 10035 | D:9      | Reached skill level 10 in Fighting
 10080 | D:9      | Identified the +8 glaive of Fate {antimagic, rN+ Int+7}
                  | (Okawaru gifted it to you on level 9 of the Dungeon)
 10080 | D:9      | Received a gift from Okawaru
 10089 | D:9      | Noticed a two-headed ogre
 10094 | D:9      | Killed a two-headed ogre
 10095 | D:9      | Reached skill level 10 in Ranged Weapons
 10207 | D:9      | Noticed Erica
 10211 | D:9      | Killed Erica
 10633 | D:11     | Noticed Fannar
 10634 | D:11     | Noticed a white ugly thing
 10658 | D:11     | Noticed a cyclops
 10772 | Lair:1   | Entered Level 1 of the Lair of Beasts
 10807 | Lair:1   | Reached XP level 11. HP: 82/101 MP: 14/14
 11035 | Lair:1   | Noticed a five-headed hydra
 11043 | Lair:1   | Killed a five-headed hydra
 11043 | Lair:1   | Identified the +0 buckler of the Stag {rN+ Stlth+} (Okawaru
                  | gifted it to you on level 1 of the Lair of Beasts)
 11043 | Lair:1   | Received a gift from Okawaru
 11044 | Lair:1   | Reached skill level 11 in Ranged Weapons
 11904 | Lair:2   | Found a staircase to the Swamp.
 12305 | Lair:2   | Reached skill level 12 in Ranged Weapons
 13149 | Lair:3   | Noticed a boulder beetle
 13172 | Lair:3   | Killed a boulder beetle
 13173 | Lair:3   | Reached XP level 12. HP: 112/112 MP: 13/17
 13284 | Lair:3   | Found a staircase to the Snake Pit.
 13785 | Lair:4   | Found a viscous altar of Jiyva.
 13785 | Lair:4   | Found a staircase to the Slime Pits.
 13933 | Lair:4   | Noticed an eight-headed hydra
 13940 | Lair:4   | Killed an eight-headed hydra
 13956 | Lair:4   | Reached skill level 13 in Ranged Weapons
 14475 | Lair:4   | Identified the +1 cloak "Ysin" {rElec Slay+2 Stlth+}
                  | (Okawaru gifted it to you on level 4 of the Lair of Beasts)
 14475 | Lair:4   | Received a gift from Okawaru
 14580 | Lair:5   | Entered Level 5 of the Lair of Beasts
 14583 | Lair:5   | Noticed a seven-headed hydra
 14624 | Lair:5   | Found a radiant altar of Vehumet.
 14692 | Lair:5   | Killed a seven-headed hydra
 14693 | Lair:5   | Reached skill level 14 in Ranged Weapons
 14735 | Lair:5   | Reached ****** piety under Okawaru
 14768 | Lair:5   | Noticed an eight-headed hydra
 15047 | Lair:4   | Killed an eight-headed hydra
 15100 | Lair:5   | Reached XP level 13. HP: 121/122 MP: 19/19
 15385 | Lair:5   | Reached skill level 15 in Ranged Weapons
 15392 | Lair:5   | Identified the +3 buckler "Tat Muv" {Rampage} (Okawaru
                  | gifted it to you on level 5 of the Lair of Beasts)
 15392 | Lair:5   | Received a gift from Okawaru
 15623 | Lair:5   | Noticed a dire elephant
 15633 | Lair:5   | Killed a dire elephant
 16150 | Lair:5   | Found a white marble altar of Elyvilon.
 16286 | Lair:5   | Reached skill level 5 in Dodging
 17024 | D:11     | Killed Fannar
 17457 | D:11     | Reached skill level 16 in Ranged Weapons
 17537 | D:12     | Received a gift from Okawaru
 17542 | D:12     | Noticed Urug
 17545 | D:11     | Reached XP level 14. HP: 122/133 MP: 20/20
 17679 | D:12     | Received a gift from Okawaru
 17682 | D:12     | Reached skill level 15 in Fighting
 17691 | D:12     | Killed Urug
 17988 | D:12     | Identified the +10 spear of the Vestibule of Hell {speed,
                  | Str+6}
 18618 | D:13     | Found the +18 shield of the Gong {rElec rN+ Will+ EV-5}
 19339 | D:13     | Identified a scroll of acquirement
 19341 | D:13     | Reached skill level 17 in Ranged Weapons
 19341 | D:13     | Acquired a +2 pair of gloves of stealth
 19491 | D:14     | Found Xicoanoecs's Armour Emporium.
 19503 | D:14     | Noticed Agnes
 19513 | D:14     | Killed Agnes
 19914 | D:14     | Found Goups's Book Boutique.
 20190 | D:14     | Found a gate to the Vaults.
 20195 | D:14     | Received a gift from Okawaru
 20195 | D:14     | Received a gift from Okawaru
 20196 | D:14     | Reached XP level 15. HP: 121/143 MP: 21/21
 20354 | D:14     | Acquired 897 gold pieces
 20504 | D:14     | Found Rulussur's Jewellery Shoppe.
 20548 | D:14     | Bought the ring of Pisch {rC+ rN+ Str+6} for 596 gold
                  | pieces
 20659 | D:14     | Found Xiatees's Book Boutique.
 20935 | D:14     | Found Giemaube's General Store.
 20941 | D:14     | Bought a scroll of enchant armour for 112 gold pieces
 20984 | D:15     | Entered Level 15 of the Dungeon
 21223 | D:15     | Found Letoong's Antique Weapon Boutique.
 21363 | D:15     | Identified the +6 rapier of Kimmaff {vamp, rF+ rN+ Str+2
                  | Dex-2} (Okawaru gifted it to you on level 15 of the
                  | Dungeon)
 21363 | D:15     | Received a gift from Okawaru
 21374 | D:15     | Reached skill level 18 in Ranged Weapons
 21540 | D:15     | Noticed Rupert
 21779 | D:15     | Found a staircase to the Depths.
 22136 | Orc:1    | Entered Level 1 of the Orcish Mines
 22138 | Orc:1    | Paralysed by an orc sorcerer for 2 turns
 22305 | Orc:2    | Entered Level 2 of the Orcish Mines
 22957 | Orc:2    | Found a staircase to the Elven Halls.
 22958 | Orc:2    | Noticed Blork the orc
 22962 | Orc:2    | Killed Blork the orc
 22981 | Orc:2    | Noticed Jorgrun
 23000 | Orc:2    | HP: 6/145 [constriction (5)]
 23001 | Orc:2    | HP: 2/145 [Jorgrun/+0 vorpal quarterstaff (1)]
 23001 | Orc:2    | Constricted to death by Jorgrun

Illustrated notes

Levels and vault maps discovered:
D:1:      dpeg_arrival_ternary, layout_basic,
          hellmonk_ecumenical_altar_heavens_door, serial_shops,
          nicolae_shop_overgrown_old_shop, patterned_corridor
D:2:      layout_loops_corners, minmay_tromino_v4_c
D:3:      layout_basic, hellmonk_ghost_happy_afterlife, item_on_display_a
D:4:      layout_loops_ring, uniq_crazy_yiuf_cottage
D:5:      layout_cave_pools, nicolae_shop_firing_range
D:6:      layout_rooms, minmay_temple_entry_stoned_glass, minmay_misc_feat_five,
          chequers_jeans, grunt_decor_arrowhead, dreamdust_mushroom_princess
D:7:      layout_basic, enter_bailey_5, small_statue_alley_b,
          reono_crystal_passage
D:8:      layout_loops_ring, gammafunk_temple_overflow_elements,
          kennysheep_mini, david_lair_shrubbed
D:9:      layout_rooms, uniq_erica
D:10:     layout_loops_cross, erik_orc_1, serial_shops, shop, uniq_harold
D:11:     layout_long_grid, disabler_island, uniq_fannar
D:12:     kennysheep_ambush_hall, layout_cross, uniq_urug
D:13:     layout_small_grid, grunt_ministairs_11
D:14:     layout_basic, lightli_vaults_fourway_checkpoint, solitary_fountain,
          serial_shops, nicolae_stop_n_shop_1, shop, nicolae_shop_waterfront,
          shop, nicolae_stop_n_shop_2, uniq_agnes
D:15:     gammafunk_depths_entry_grave, layout_stronghold, serial_shops,
          nicolae_shop_statue_plus, uniq_rupert
Temple:   compressed_dpeg_triangle_lava_temple
Lair:1:   layout_small_grid
Lair:2:   layout_long_grid, minmay_swamp_entry_worms
Lair:3:   layout_loops_ring, minmay_snake_entry_guardpost_small,
          infiniplex_staircase_pool, serial_bayou_shore_a
Lair:4:   layout_gridlike, slime_entry_1, grunt_forest_stairs_basic
Lair:5:   grunt_lair_end_beastmaster, layout_misc_corridors, basic_altar,
          lemuel_centaur_altar
Orc:1:    layout_diamond_mine
Orc:2:    grunt_orc_cross, layout_caves, basic_altar, uniq_jorgrun

Skill      XL: |  1  2  3  4  5  6  7  8  9 10 11 12 13 14 15 |
---------------+----------------------------------------------+-----
Stealth        | 2 3 |  3.1
Fighting       | 4 5 6 8 9 10 12 13 14 15 16 | 16.6
Short Blades   | 4 5 |  5.3
Shields        | 2 3 |  3.3
Ranged Weapons | 3 6 8 10 12 14 16 17 18 | 18.3
Invocations    | 4 5 7 8 |  8.0
Dodging        | 5 7 8 |  8.8

Action                   |  1- 3 |  4- 6 |  7- 9 | 10-12 | 13-15 || total
-------------------------+-------+-------+-------+-------+-------++-------
Melee: Short sword       |   168 |   192 |     9 |       |       ||   369
       Tailslap          |    22 |    30 |     1 |       |       ||    53
       Punch             |     3 |     1 |       |       |       ||     4
 Fire: Sling             |       |       |    47 |       |       ||    47
       Triple crossbow   |       |       |   163 |   380 |   576 ||  1119
Invok: Heroism           |       |       |     4 |    11 |    10 ||    25
       Finesse           |       |       |     1 |     3 |     5 ||     9
 Abil: Breathe Fire      |       |       |    19 |     4 |     5 ||    28
Evoke: Wand              |       |       |     5 |     2 |       ||     7
  Use: Scroll            |     4 |     5 |     6 |     8 |    14 ||    37
       Potion            |     3 |       |       |       |     3 ||     6
 Stab: Sleeping          |     6 |     4 |       |       |       ||    10
Armor: Skin              |    47 |    64 |    39 |    95 |   150 ||   395
Dodge: Dodged            |   108 |    83 |   108 |   216 |   383 ||   898
Block: Buckler           |       |    21 |    13 |       |       ||    34

Table legend: (Time is in decaauts)
 A = Elapsed time spent in this place.
 B = Non-inter-level travel time spent in this place.
 C = Inter-level travel time spent in this place.
 D = Time resting spent in this place.
 E = Time spent auto-exploring this place.
 F = Levels seen in this place.
 G = Mean time per level.
                   A        B        C        D        E       F      G
               +--------+--------+--------+--------+--------+-----+--------+
         Total |  23661 |  22340 |   1321 |   2325 |  16184 |  24 |  985.9 |
       Dungeon |  16276 |  15238 |   1038 |   1449 |  11196 |  15 | 1085.1 |
        Temple |     37 |     27 |     10 |      0 |     18 |   1 |   37.0 |
          Lair |   5900 |   5656 |    244 |    486 |   4220 |   5 | 1180.0 |
  Orcish Mines |    893 |    866 |     27 |    377 |    335 |   2 |  446.5 |
        Bailey |    553 |    553 |      0 |     13 |    414 |   1 |  553.0 |
               +--------+--------+--------+--------+--------+-----+--------+

Top non-repeatable levels by time:
  Lair:5: 1570 daAuts
     D:4: 1523 daAuts
     D:2: 1360 daAuts
  Lair:1: 1292 daAuts
    D:13: 1289 daAuts
    D:14: 1273 daAuts
     D:7: 1211 daAuts
  Lair:3: 1161 daAuts
    D:10: 1142 daAuts
    D:11: 1076 daAuts
    D:15: 1075 daAuts
     D:1: 1056 daAuts
     D:8: 1044 daAuts
    D:12: 971 daAuts
  Lair:2: 969 daAuts
